 Dungeon Crawl Stone Soup version 0.27-a0-1273-gec92ba881d (webtiles) character file.

Game seed: 9179092024668655446

24 bobarctor the Grave Robber (level 2, -1/15 HPs)
             Began as a Deep Elf Necromancer on June 11, 2021.
             Slain by an adder (3 damage)
             ... on level 2 of the Dungeon.
             The game lasted 00:04:16 (1480 turns).

bobarctor the Grave Robber (Deep Elf Necromancer)   Turns: 1480, Time: 00:04:17

Health: -1/15      AC:  2    Str:  5    XL:     2   Next: 79%
Magic:  8/8        EV: 12    Int: 19    God:
Gold:   46         SH:  0    Dex: 15    Spells: 6/8 levels left

rFire    . . .     SeeInvis .   e - +0 dagger (flame)
rCold    . . .     Faith    .   (no shield)
rNeg     . . .     Spirit   .   a - +0 robe
rPois    .         Reflect  .   (no helmet)
rElec    .         Harm     .   (no cloak)
rCorr    .         Rampage  .   (no gloves)
Will     .....                  (no boots)
Stlth    +.........             (no amulet)
HPRegen  0.05/turn              (no ring)
MPRegen  0.11/turn              (no ring)

@: confused
A: no striking features
a: no special abilities


You were on level 2 of the Dungeon.
You visited 1 branch of the dungeon, and saw 2 of its levels.

You collected 46 gold pieces.

Inventory:

Hand Weapons
 b - a +0 hand axe
 e - a +0 dagger of flaming (weapon)
Missiles
 c - 6 stones (quivered)
Armour
 a - a +0 robe (worn)
Scrolls
 d - a scroll of holy word {unknown}


   Skills:
 + Level 2.5 Dodging
 + Level 2.5 Stealth
 * Level 3.7 Spellcasting
 + Level 5.4 Necromancy


You had 6 spell levels left.
You knew the following spells:

 Your Spells              Type           Power      Damage    Failure   Level
a - Pain                  Necr           96%        1d8       1%          1
b - Animate Skeleton      Necr           48%        N/A       1%          1

Your spell library contained the following spells:

 Spells                   Type           Power      Damage    Failure   Level
 Vampiric Draining        Necr           12%        2d7       4%          3
 Animate Dead             Necr           12%        N/A       16%         4
 Confusing Touch          Hex            3%         N/A       38%         3
 Gell's Gravitas          Tloc           1%         N/A       38%         3
 Agony                    Necr           24%        N/A       38%         5
 Petrify                  Tmut/Erth      3%         N/A       80%         4
 Metabolic Englaciation   Hex/Ice        1%         N/A       98%         5
 Yara's Violent Unravell  Hex/Tmut       1%         3d3       98%         5


Dungeon Overview and Level Annotations

Branches:
Dungeon (2/15)

Altars:

Annotations:
D:2 Sigmund


Message History

You start resting.
Magic restored.
You start resting.
HP restored.
You climb downwards.
There is a stone staircase leading up here.
Found 21 bolts and a scroll labelled XAFABLARCH.
You see here a +0 dagger of flaming.
e - a +0 dagger of flaming Your +0 dagger of flaming bursts into flame!
e - a +0 dagger of flaming (weapon)
A kobold comes into view. It is wielding a +0 short sword.
Found a flail.
Sigmund the Dreaded comes into view.
He is wielding a +4 scythe of venom.
Sigmund shouts!
The kobold shouts!
You hear an angry hiss.
You hear a shout!
You see here a scroll labelled XAFABLARCH.
Sigmund points at you and mumbles some strange words.
You are confused.
Sigmund points at you and mumbles some strange words.
You resist with significant effort.
You bump into the rock wall.
Sigmund gestures at you while chanting. The puff of flame hits you!
Ouch! That really hurt!
An adder comes into view.
You bump into the rock wall.
You feel less confused. The kobold closely misses you.
Sigmund screams, "Only death can liberate you!"
There is a stone staircase leading up here.
Sigmund says, "Now you see me, now you don't..."
Sigmund gestures at you while chanting.
You are confused.
The kobold misses you.
In your confused state, you trip and fall back down the stairs.
The kobold hits you with a +0 short sword.
* * * LOW HITPOINT WARNING * * *
Unknown command.
The adder bites you.
You die...

#. ##### #.#
###?..##### #.#
#..........
#####.###..........
......##.........##
##...#...........
#....@..#.....#).
#..S.............
#.@K..######.....
##...## #...# ##.##
... (.# #..# ..r#
..... ....!#


You could see Sigmund, an adder, a kobold and a rat.

Vanquished Creatures
  4 ball pythons (D:1)
  An endoplasm (D:1)
  2 giant cockroaches (D:1)
  2 hobgoblins
  2 quokkas (D:1)
  4 bats (D:1)
  A frilled lizard (D:2)
  3 goblins
  A kobold (D:1)
  2 rats (D:1)
22 creatures vanquished.

Notes
Turn   | Place    | Note
-------+----------+-------------------------------------------
     0 | D:1      | bobarctor the Deep Elf Necromancer began the quest for the
                  | Orb.
     0 | D:1      | Reached XP level 1. HP: 10/10 MP: 6/6
    75 | D:1      | Reached skill level 5 in Necromancy
   262 | D:1      | Reached XP level 2. HP: 13/15 MP: 5/8
   264 | D:1      | Learned a level 1 spell: Animate Skeleton
   568 | D:1      | Found a faded altar of an unknown god.
  1466 | D:2      | Noticed Sigmund
  1480 | D:2      | Slain by an adder

Illustrated notes

Levels and vault maps discovered:
D:1:      wander_arrival_fairy_ring, layout_loops_corners,
          hellmonk_ecumenical_altar_prayer_group, st_stairs_6
D:2:      layout_loops_cross, minmay_increasing_density, uniq_sigmund,
          uniq_terence

Skill      XL: |  1 |
---------------+----+-----
Necromancy     | 5 |  5.4
Dodging        | |  2.5
Stealth        | |  2.5
Spellcasting   | |  3.7

Action                   || total
-------------------------++-------
Throw: Stone             ||     2
 Cast: Pain              ||    36
Armor: Robe              ||     2
Dodge: Dodged            ||     3

Table legend: (Time is in decaauts)
 A = Elapsed time spent in this place.
 B = Non-inter-level travel time spent in this place.
 C = Inter-level travel time spent in this place.
 D = Time resting spent in this place.
 E = Time spent auto-exploring this place.
 F = Levels seen in this place.
 G = Mean time per level.
                   A        B        C        D        E       F      G
               +--------+--------+--------+--------+--------+-----+--------+
         Total |   1481 |   1379 |    102 |    237 |    989 |   2 |  740.5 |
       Dungeon |   1481 |   1379 |    102 |    237 |    989 |   2 |  740.5 |
               +--------+--------+--------+--------+--------+-----+--------+

Top non-repeatable levels by time:
     D:1: 1317 daAuts
     D:2: 163 daAuts
